 Dungeon Crawl Stone Soup version 0.17.0-57-g0e89251 (webtiles) character file.

182 HandofTrog the Cudgeler (level 5, -2/53 HPs)
             Began as a Troll Berserker on Dec 7, 2015.
             Was a Priest of Trog.
             Killed by nerve-wracking pain
             ... invoked by an orc priest
              (8 damage)
             ... on level 3 of the Dungeon.
             The game lasted 00:05:57 (1607 turns).

HandofTrog the Cudgeler (Troll Berserker)           Turns: 1607, Time: 00:05:58

Health: -2/53      AC:  6    Str: 25    XL:     5   Next: 35%
Magic:  4/4        EV: 10    Int:  4    God:    Trog [***...]
Gold:   119        SH:  0    Dex:  9    Spells: 0 memorised, 4 levels left

rFire  . . .     SeeInvis .     a - +0 mace
rCold  . . .     Clarity  .     b - +1 animal skin
rNeg   . . .     SustAt   .     (no shield)
rPois  .         Gourm    +     (helmet restricted)
rElec  .         Spirit   .     (no cloak)
rCorr  .         Warding  .     (gloves unavailable)
rMut   .         Stasis   .     (boots unavailable)
MR     .....                    (no amulet)
Stlth  +.........               (no ring)
                                (no ring)

@: exhausted, slowed, very slow, not resistant to hostile enchantments, very
unstealthy
A: unfitting armour, claws 3, fast metabolism 3, gourmand, regeneration 2,
shaggy fur 1, tough skin 2
a: Berserk, Trog's Hand, Burn Spellbooks, Renounce Religion


You were on level 3 of the Dungeon.
You worshipped Trog.
Trog was most pleased with you.
You were full.

You visited 1 branch of the dungeon, and saw 3 of its levels.

You collected 119 gold pieces.

Inventory:

Hand Weapons
 a - a +0 mace (weapon)
Missiles
 m - 2 throwing nets (quivered)
Armour
 b - a +1 animal skin (worn)
Jewellery
 k - an uncursed ring of see invisible {unknown}
 l - an uncursed amulet of clarity {unknown}
Scrolls
 i - 4 scrolls of remove curse
Potions
 d - 4 potions of curing
 e - 2 potions of degeneration {unknown}
 g - 2 potions of agility {unknown}
 h - a potion of experience {unknown}
 j - a potion of ambrosia {unknown}
 o - a potion of brilliance {unknown}
Comestibles
 c - 4 bread rations
 f - 4 fruits
 n - a meat ration


   Skills:
 + Level 3.3 Fighting
 * Level 4.2 Maces & Flails
 + Level 3.3 Dodging


You had 4 spell levels left.
You didn't know any spells.

Dungeon Overview and Level Annotations

Branches:
Dungeon (3/15)

Altars:
Nemelex Xobeh


Innate Abilities, Weirdness & Mutations

You are too large for most types of armour.
You have claws for hands.
Your metabolism is lightning-fast.
You like to eat raw meat.
You heal very quickly.
You are covered in fur (AC +1).
You have very tough skin (AC +2).


Message History

The orc priest hits you but does no damage.
The orc hits you with a mace. The orc barely misses you.
The orc priest calls upon Beogh to heal the orc.
The orc's wounds heal themselves!
You hit the orc priest.
The orc priest is moderately wounded.
The orc barely misses you. The orc hits you but does no damage.
The orc priest closely misses you. The orc hits you with a mace.
* * * LOW HITPOINT WARNING * * *
The orc closely misses you.
You barely miss the orc priest.
The orc priest is moderately wounded.
The orc priest hits you with a falchion.
* * * LOW HITPOINT WARNING * * *
The orc hits you with a mace!
* * * LOW HITPOINT WARNING * * *
The orc misses you.
The orc priest mumbles some strange prayers to Beogh against you.
Pain shoots through your body!
You die...

...........................#
...######...................
........#............)......
........#...................
.....................#+####.
............................
.......................#....
..........oo..#........#....
..........o@.)####..........
.............))(........#...
..............##............
..#...........##...†.†......
#....###...<##.##........#
..... #######.##....#####
... #...............
#.....#.........
#.....#.........


You could see an orc priest and 2 orcs.

Vanquished Creatures
  The ghost of emiel the Chopper, a weakling DsBe of Trog (D:3)
  An orc wizard (D:3)
  An adder (D:2)
  An ooze (D:2)
  A worm (D:2)
  4 giant geckos
  7 orcs
  13 goblins
  6 hobgoblins
  14 jackals
  7 kobolds
  A quokka (D:2)
  2 ball pythons
  9 bats
  3 giant cockroaches
  4 giant newts
  5 rats
80 creatures vanquished.

Notes
Turn   | Place    | Note
--------------------------------------------------------------
     0 | D:1      | HandofTrog the Troll Berserker began the quest for the Orb.
     0 | D:1      | Reached XP level 1. HP: 22/22 MP: 0/0
    69 | D:1      | Reached XP level 2. HP: 25/29 MP: 1/1
   253 | D:1      | Reached skill level 3 in Maces & Flails
   529 | D:1      | Reached XP level 3. HP: 31/36 MP: 2/2
   623 | D:1      | Reached ** piety under Trog
  1036 | D:2      | Found a sparkling altar of Nemelex Xobeh.
  1052 | D:2      | Reached XP level 4. HP: 41/45 MP: 3/3
  1244 | D:3      | Noticed emiel's ghost (weakling DsBe)
  1261 | D:3      | Killed emiel's ghost
  1398 | D:3      | Reached skill level 4 in Maces & Flails
  1465 | D:3      | Reached *** piety under Trog
  1473 | D:3      | Reached XP level 5. HP: 51/53 MP: 4/4
  1607 | D:3      | Killed from afar by an orc priest

Action                   |  1- 3 |  4- 6 || total
-------------------------+-------+-------++-------
Melee: Mace              |   112 |   111 ||   223
Invok: Berserk           |       |     2 ||     2
  Use: Scroll            |       |     5 ||     5
  Eat: Chunk             |    14 |     6 ||    20
